 Dungeon Crawl Stone Soup version 0.23-a0-890-gc183402 (webtiles) character file.

Game seed: 3745014385480985150

4 tidbits the Charmwright (level 1, -5/20 HPs)
             Began as a Gnoll Skald on Jan 28, 2019.
             Killed from afar by Natasha (8 damage)
             ... with a magic dart
             ... on level 2 of the Dungeon.
             The game lasted 00:01:27 (169 turns).

tidbits the Charmwright (Gnoll Skald)                Turns: 169, Time: 00:01:28

Health: -5/20      AC:  3    Str: 13    XL:     1   Next: 60%
Magic:  5/6        EV: 14    Int: 15    God:
Gold:   12         SH:  0    Dex: 14    Spells: 8/9 levels left

rFire    x . .     SeeInvis .   a - +0 spear
rCold    + . .     Gourm    .   (no shield)
rNeg     . . .     Faith    .   b - +0 leather armour
rPois    .         Spirit   .   (no helmet)
rElec    .         Reflect  .   (no cloak)
rCorr    .         Harm     .   (no gloves)
MR       .....                  (no boots)
Stlth    +.........             (no amulet)
HPRegen  0.06/turn              j - ring of ice
MPRegen  0.10/turn              (no ring)

@: infused
A: distributed training, fangs 1, strong nose
a: no special abilities


You were on level 2 of the Dungeon.
You were not hungry.

You visited 1 branch of the dungeon, and saw 2 of its levels.

You collected 12 gold pieces.

Inventory:

Hand Weapons
 a - a +0 spear (weapon)
 c - a +1 dagger of venom
   (You took it off a goblin on level 1 of the Dungeon)
 g - a +0 quarterstaff
 i - a +0 long sword
 k - a +0 hunting sling
Missiles
 m - 19 stones (quivered)
Armour
 b - a +0 leather armour (worn)
 e - a +0 helmet
Jewellery
 j - a ring of ice (left hand)
   (You found it on level 2 of the Dungeon)
Scrolls
 f - a scroll of enchant armour {unknown}
Potions
 h - a potion of heal wounds {unknown}
 l - a potion of degeneration {unknown}
Comestibles
 d - 4 rations


   Skills:
 + Level 4.4 Fighting
 + Level 0.0 Short Blades
 + Level 0.0 Long Blades
 + Level 0.0 Axes
 + Level 0.0 Maces & Flails
 + Level 4.4 Polearms
 + Level 0.0 Staves
 + Level 0.0 Slings
 + Level 0.0 Bows
 + Level 0.0 Crossbows
 + Level 0.0 Throwing
 + Level 2.3 Armour
 + Level 4.4 Dodging
 + Level 0.0 Stealth
 + Level 0.0 Shields
 + Level 0.0 Unarmed Combat
 + Level 4.8 Spellcasting
 + Level 0.0 Conjurations
 + Level 0.0 Hexes
 + Level 5.3 Charms
 + Level 0.0 Summonings
 + Level 0.0 Necromancy
 + Level 0.0 Translocations
 + Level 0.0 Transmutations
 + Level 0.0 Fire Magic
 + Level 0.0 Ice Magic
 + Level 0.0 Air Magic
 + Level 0.0 Earth Magic
 + Level 0.0 Poison Magic
 + Level 0.1 Invocations
 + Level 0.0 Evocations


You had 8 spell levels left.
You knew the following spells:

 Your Spells              Type           Power        Failure   Level  Hunger
i - Infusion              Chrm           ###.         2%          1    None

Your spell library contained the following spells:

 Spells                   Type           Power        Failure   Level  Hunger
 Song of Slaying          Chrm           ###.....     3%          2    ##.....
 Shroud of Golubria       Chrm/Tloc      ##........   11%         2    ##.....
 Regeneration             Chrm/Necr      ##........   21%         3    ###....
 Spectral Weapon          Hex/Chrm       ##......     21%         3    ###....


Dungeon Overview and Level Annotations

Branches:
Dungeon (2/15)

Altars:
Uskayaw

Annotations:
D:2 Natasha


Innate Abilities, Weirdness & Mutations

Your experience applies equally to all skills.
You have very sharp teeth.
Your uncanny sense of smell can sniff out nearby items.


Message History

Unknown command.
A frilled lizard comes into view.
Found 8 gold pieces.
A hobgoblin comes into view. It is wielding a +0 club.
The frilled lizard hisses angrily.
Unknown command.
The hobgoblin shouts!
Unknown command.
Casting: Infusion (safe; 2% risk of failure)
Confirm with . or Enter, or press ? or * to list all spells.
You begin infusing your attacks with magical energy.
Unknown command.
You see here 8 gold pieces.
Unknown command.
You completely miss the frilled lizard. Your bite misses the frilled lizard.
You hit the frilled lizard.
You kill the frilled lizard!
You barely miss the hobgoblin. The hobgoblin closely misses you.
You hit the hobgoblin. You bite the hobgoblin.
The hobgoblin is heavily wounded.
The hobgoblin hits you with a +0 club!
You closely miss the hobgoblin.
The hobgoblin is heavily wounded.
You closely miss the hobgoblin.
The hobgoblin is heavily wounded.
The hobgoblin misses you.
You hit the hobgoblin.
You kill the hobgoblin!
You now have 8 gold pieces.
As you open the door, it creaks loudly!
Unknown command.
There is an open door here.
Found a viscous cyan potion.
You see here a viscous cyan potion.
h - a viscous cyan potion Your magical infusion is running out.
There is an open door here.
You are no longer magically infusing your attacks.
Found a ration and 4 gold pieces.
Found a ration and a long sword.
Found a hunting sling and an encrusted agate ring.
Found a hide-covered altar of Uskayaw.
Found a glowing pink potion.
You see here 4 gold pieces.
You now have 12 gold pieces (gained 4).
You see here a ration.
d - 2 rations (gained 1)
Found 19 stones.
You see here a long sword.
Unknown command.
i - a long sword You see here an encrusted agate ring.
j - an encrusted agate ring Put on which piece of jewellery? (? for menu, Esc to quit)
You feel more attuned to ice.
j - a ring of ice (left hand)
You see here a ration.
d - 3 rations (gained 1)
You see here a hunting sling.
k - a hunting sling You see here a glowing pink potion.
l - a glowing pink potion
Found a stone staircase leading down.
Found a leather armour.
Found a ration.
You see here 19 stones.
m - 19 stones A bat comes into view.
Found a stone staircase leading down.
A leopard gecko comes into view.
You see here a ration.
d - 4 rations (gained 1)
The leopard gecko hisses angrily.
You open the door.
Natasha, Servant of Life and Death comes into view.
Natasha hisses angrily.
Casting: Infusion (safe; 2% risk of failure)
Confirm with . or Enter, or press ? or * to list all spells.
You begin infusing your attacks with magical energy.
Unknown command.
You closely miss Natasha. Your bite misses Natasha. Natasha barely misses you.
You closely miss Natasha. Natasha claws you!
* * * LOW HITPOINT WARNING * * *
The leopard gecko closely misses you.
Unknown command.
You barely miss Natasha. You bite Natasha, but do no damage.
Natasha misses you. The leopard gecko bites you.
* * * LOW HITPOINT WARNING * * *
You closely miss Natasha. The bat closely misses you. Natasha claws you.
* * * LOW HITPOINT WARNING * * *
The leopard gecko bites you.
* * * LOW HITPOINT WARNING * * *
You closely miss Natasha. The bat hits you.
* * * LOW HITPOINT WARNING * * *
The leopard gecko closely misses you.
Natasha howls an incantation.
Natasha's front paws start to glow.
Natasha stares at you and mumbles some strange words.
The magic dart hits you!
You die...

## .. #. #. ###h#######
#...@.....### ###
#..l..[....... ...
#...b.....#########
#.........#.......#
#..##.......#.......##
#8..8#.......#........##
........................
...>.........8.......8..
8..8###.##.............


You could see Natasha, a leopard gecko and a bat.

Vanquished Creatures
  2 hobgoblins
  A frilled lizard (D:2)
  A goblin (D:1)
4 creatures vanquished.

Notes
Turn   | Place    | Note
-------+----------+-------------------------------------------
     0 | D:1      | tidbits the Gnoll Skald began the quest for the Orb.
     0 | D:1      | Reached XP level 1. HP: 20/20 MP: 6/6
   124 | D:2      | Found a hide-covered altar of Uskayaw.
   163 | D:2      | Noticed Natasha
   168 | D:2      | HP: 4/20 [leopard gecko (3)]
   169 | D:2      | Killed from afar by Natasha

Vault maps used:
D:1:      tarquinn_simple_flora_water_b, minmay_strange_pillars
D:2:      lemuel_round_altar, eat_drink_and_be_merry_uskayaw, st_stairs_6,
          minmay_pentomino_pile, uniq_sigmund, uniq_natasha, uniq_terence

Action                   || total
-------------------------++-------
Melee: Spear             ||    17
       Bite              ||     3
 Cast: Infusion          ||     3
Dodge: Dodged            ||     9

Table legend:
 A = Non-vault XP
 B = Vault XP
 C = Vault XP percentage of total XP
 D = Non-vault monster count
 E = Vault monster count
 F = Vault count percentage of total count
                 A         B        C        D         E       F
            +---------+---------+-------+---------+---------+-------
      Total |       6 |       0 |   0.0 |       4 |       0 |   0.0
            +---------+---------+-------+---------+---------+-------
        D:1 |       3 |       0 |   0.0 |       2 |       0 |   0.0
        D:2 |       3 |       0 |   0.0 |       2 |       0 |   0.0
            +---------+---------+-------+---------+---------+-------

Table legend:
 A = Turns spent in this place as a percentage of turns spent in the entire game.
 B = Non-inter-level travel turns spent in this place as a percentage of non-inter-level travel turns spent in the entire game.
 C = Inter-level travel turns spent in this place as a percentage of turns spent in this place.
 D = Turns resting spent in this place as a percentage of non-inter-level travel turns spent in this place.
 E = Turns spent auto-exploring this place as a percentage of non-inter-level travel turns spent in this place.
 F = Non-inter-level travel turns spent in this place divided by the number of levels of this place that you've seen.
                   A       B       C       D       E      F
               +-------+-------+-------+-------+-------+----------------------
         Total | 100.0 | 100.0 |   0.0 |   0.0 |   0.0 |  84.5
       Dungeon | 100.0 | 100.0 |   0.0 |   0.0 |   0.0 |  84.5
               +-------+-------+-------+-------+-------+----------------------

Table legend:
 A = Kills in this place as a percentage of kills in entire the game.
 B = Kills by you in this place as a percentage of kills by you in the entire game.
 C = Kills by friends in this place as a percentage of kills by friends in the entire game.
 D = Other kills in this place as a percentage of other kills in the entire game.
 E = Experience gained in this place as a percentage of experience gained in the entire game.
 F = Experience gained in this place divided by the number of levels of this place that you have seen.
                   A       B       C       D       E      F
               +-------+-------+-------+-------+-------+----------------------
         Total | 100.0 | 100.0 |   N/A |   N/A | 100.0 |   3.0
       Dungeon | 100.0 | 100.0 |   N/A |   N/A | 100.0 |   3.0
               +-------+-------+-------+-------+-------+----------------------

Vault maps used:
D:1:      tarquinn_simple_flora_water_b, minmay_strange_pillars
D:2:      lemuel_round_altar, eat_drink_and_be_merry_uskayaw, st_stairs_6,
          minmay_pentomino_pile, uniq_sigmund, uniq_natasha, uniq_terence
